Map: Dusk Towers

Players

LilDicky - Winner!

  • Race: Terran Terran
  • League: Diamond

Victor

  • Race: Terran Terran
  • League: Diamond

VOD

http://www.twitch.tv/tumescentpie

Description

Time

  • Played on: Dec. 6, 2015, 12:19 a.m.
  • Length: 5:41
Show
View Real Time Build Order
Export as new Build Order

LilDicky Terran - Winner!

Build Orders: Reaper Expand, Banshee Rush 

Get SALT Encoding   

  12  0:03  SCV  
  13  0:16  SCV  
  13  0:20  Supply Depot  
  14  0:28  SCV  
  15  0:32  Refinery  
  15  0:42  SCV  
  16  0:45  Barracks  
  16  0:55  SCV  
  17  1:07  SCV  
  18  1:19  SCV  
  19  1:32  Reaper  
  20  1:35  Orbital Command  
  20  1:44  Command Center  
  20  2:01  SCV  
  21  2:11  Marine  
  22  2:19  Supply Depot  
  22  2:22  Factory  
  22  2:23  Refinery  
  22  2:25  SCV  
  23  2:40  Marine  
  23  2:41  SCV  
  25  2:53  SCV  
  25  2:55  Supply Depot  
  26  2:58  Marine  
  26  3:02  Orbital Command  
  26  3:05  SCV  
  28  3:07  Factory Tech Lab  
  28  3:08  Starport  
  28  3:16  Marine  
  28  3:17  SCV  
  30  3:29  SCV  
  31  3:35  SCV, Engineering Bay  
  31  3:41  SCV  
  31  3:42  Marine  
  31  3:47  SCV  
  34  3:49  Supply Depot  
  34  3:50  Banshee  
  34  3:51  Cloaking Field  
  34  3:54  Widow Mine  
  39  3:57  SCV  
  39  4:02  Marine  
  42  4:17  SCV  
  42  4:19  SCV  
  42  4:22  Missile Turret  
  43  4:24  Supply Depot  
  43  4:27  Factory Tech Lab  
  43  4:29  SCV  
  43  4:31  SCV  
  45  4:33  Banshee, Missile Turret  
  45  4:34  Marine  
  49  4:40  Refinery  
  49  4:41  SCV, Refinery  
  49  4:43  SCV  
  51  4:46  Supply Depot  
  51  4:49  Siege Tank  
  54  4:53  SCV  
  54  4:56  Factory  
  54  4:57  Supply Depot  
  63  5:40  Supply Depot  
  63  5:41  Command Center  
Show
View Real Time Build Order
Export as new Build Order

Victor Terran 

Build Orders:  

Get SALT Encoding   

  12  0:06  SCV  
  13  0:18  SCV  
  14  0:27  Supply Depot  
  14  0:30  Refinery  
  14  0:31  SCV  
  15  0:50  SCV, Barracks  
  16  1:02  SCV  
  17  1:14  SCV  
  18  1:26  SCV  
  19  1:37  Reaper  
  19  1:39  Supply Depot, Orbital Command  
  20  2:05  SCV  
  21  2:13  Barracks Reactor  
  21  2:20  Command Center, Factory, Refinery  
  21  2:21  SCV  
  21  2:33  SCV  
  21  2:45  SCV  
  22  2:57  SCV, Factory  
  22  2:58  Barracks Tech Lab  
  23  3:09  SCV  
  23  3:10  Supply Depot, Hellion x2  
  28  3:21  SCV  
  28  3:23  Engineering Bay  
  27  3:34  Hellion x2  
  27  3:38  Orbital Command  
  31  3:43  SCV  
  32  3:54  Missile Turret  
  32  4:00  Missile Turret  
  32  4:05  SCV x2  
  32  4:08  Missile Turret  
  34  4:15  Cyclone  
  37  4:17  SCV  
  37  4:20  SCV  
  39  4:29  SCV, Hellion x2  
  44  4:33  Supply Depot  
  44  4:35  SCV  
  45  4:41  Supply Depot, SCV  
  46  4:47  Cyclone  
  46  4:49  SCV  
  50  4:53  Hellion  
  50  4:55  Hellion  
  54  5:01  SCV x2  
  56  5:13  SCV  
  54  5:37  Missile Turret  
Tags
 
Add a new tag
Caveats
  • Supply blocks, unpowered buildings, or Contaminate may cause inaccurate times.
  • Supply counts are checked every 10 seconds.